AoeStats
← LimitBid70

Arabia

509592016Analyzed
2v2 RM · 4d ago on Sep 27, 2026· 32m 54s· 4 players
Game mode
Random Map
Map size
Medium (4 player)
Population
200
Speed
Normal
Resources
Standard
Victory
Conquest
Starting age
Dark Age
Ending age
Imperial Age
RankedLock teamsTeams togetherTeam positionsShared explorationLock speedFull tech treeHidden civsTurbo modeCheats
Victory
Defeat
🇦🇺 Slavs · Australia
1030
+15
🇦🇺 Cumans · Australia
1028
+15
🇩🇰 Vietnamese · Denmark
1043
-17
🇹🇷 Franks · Türkiye
954
-13
Kaveho
7:19 Loom
9:30 Feudal Age
11:43 Double-Bit Axe
14:40 Gold Mining
15:37 Wheelbarrow
15:04 Horse Collar
16:15 Fletching
21:42 Castle Age
21:53 Crossbowman
22:41 Bodkin Arrow
24:50 Bow Saw
24:42 Heavy Plow
25:11 Thumb Ring
26:04 Hand Cart
32:01 Ballistics
Ghost
6:48 Loom
9:53 Feudal Age
10:47 Double-Bit Axe
13:48 Forging
15:23 Scale Barding Armor
18:57 Gold Mining
24:29 Castle Age
25:36 Husbandry
26:19 Iron Casting
26:07 Chain Barding Armor
LimitBid70
8:40 Feudal Age
9:56 Double-Bit Axe
11:39 Horse Collar
17:01 Loom
17:52 Wheelbarrow
21:51 Castle Age
20:24 Forging
20:30 Bloodlines
21:05 Gold Mining
23:02 Scale Barding Armor
24:23 Gold Shaft Mining
26:05 Chain Barding Armor
27:09 Iron Casting
brian433
10:37 Feudal Age
10:20 Loom
13:50 Town Watch
14:43 Wheelbarrow
14:14 Double-Bit Axe
17:43 Castle Age
24:54 Scale Barding Armor
28:47 Bloodlines
30:45 Chain Barding Armor
31:16 Forging
31:09 Padded Archer Armor
33:22 Redemption
32:56 Horse Collar
33:06 Town Watch
Connection lost

Rejoining the realm…

Still unreachable

The connection could not be restored.

Session expired

The server has moved on; the page needs a fresh start.